 Dungeon Crawl Stone Soup version 0.21-a0-142-gdd972a7 (webtiles) character file.

11404 Leszczynek the Grappler (level 11, -3/111 HPs)
             Began as a Troll Skald on July 22, 2017.
             Was an Elder of Cheibriados.
             Slain by an ettin
             ... wielding a +0 dire flail
              (25 damage)
             ... on level 1 of the Orcish Mines.
             The game lasted 00:35:11 (6210 turns).

Leszczynek the Grappler (Troll Skald)               Turns: 6210, Time: 00:35:12

Health: -3/111     AC:  9    Str: 32    XL:     11   Next: 48%
Magic:  1/13       EV: 15    Int: 19    God:    Cheibriados [****..]
Gold:   443        SH:  0    Dex: 20    Spells: 4/12 levels left

rFire    . . .     SeeInvis .     - Unarmed
rCold    + + .     Gourm    +   (no shield)
rNeg     . . .     Faith    .   j - +0 troll leather armour
rPois    .         Spirit   .   (helmet restricted)
rElec    .         Reflect  .   E - +1 cloak
rCorr    .         Harm     .   (gloves unavailable)
MR       .....                  (boots unavailable)
Stlth    ++........             (no amulet)
HPRegen  1.08/turn              q - ring of protection from cold
MPRegen  0.13/turn              F - ring of protection from cold

@: very slow
A: unfitting armour, claws 3, fast metabolism 3, gourmand, low mp 1, mutation
resistance 1, regeneration 1, shaggy fur 1, strong 1, tough skin 2
a: Bend Time, Temporal Distortion, Slouch, Renounce Religion


You were on level 1 of the Orcish Mines.
You worshipped Cheibriados.
Cheibriados was greatly pleased with you.
You were very full.

You visited 3 branches of the dungeon, and saw 15 of its levels.

You collected 443 gold pieces.

Inventory:

Missiles
 l - 5 javelins
 p - 10 steel javelins (quivered)
 K - 5 silver tomahawks
 L - 9 tomahawks
Armour
 j - a +0 troll leather armour (worn)
 t - a +2 robe of cold resistance
 w - a +0 robe of resistance
 E - a +1 cloak (worn)
Jewellery
 q - a ring of protection from cold (left claw)
 F - a ring of protection from cold (right claw)
Wands
 a - a wand of confusion (37/48)
 f - a wand of polymorph (8/24)
 m - a wand of flame (7/48)
 x - a wand of flame (30/48)
 y - a wand of confusion (48/48)
 I - a wand of disintegration (14/24)
 O - a wand of lightning (0/15)
Scrolls
 e - 2 scrolls of remove curse {@r2}
 k - a scroll of identify {@r1}
 n - 3 scrolls of teleportation
 s - a scroll of recharging
 A - 2 scrolls of fog
 H - a scroll of enchant weapon
Potions
 c - 3 potions of curing {@q1}
 r - 2 potions of resistance
 u - 2 potions of degeneration {unknown}
 v - a potion of cancellation {unknown}
 z - 4 potions of mutation {!q}
 B - a potion of flight {unknown}
 D - a potion of heal wounds {@q2}
 M - a potion of lignification {unknown}
 N - a potion of might {unknown}
Books
 b - a book of Battle

   Spells                             Type                      Level
   a - Infusion                       Charms                       1
   b - Shroud of Golubria             Charms/Translocation         2
   c - Song of Slaying                Charms                       2
   d - Spectral Weapon                Hexes/Charms                 3
   e - Regeneration                   Charms/Necromancy            3
Miscellaneous
 o - a sack of spiders
Comestibles
 d - 7 bread rations
 h - 5 royal jellies
 i - 5 meat rations
 G - 7 fruits
 J - 5 chunks of flesh


   Skills:
 + Level 7.9 Fighting
 - Level 7.2 Dodging
 + Level 11.7 Unarmed Combat
 - Level 1.2 Spellcasting
 - Level 2.0 Charms
 * Level 6.3 Invocations


You had 4 spell levels left.
You knew the following spells:

 Your Spells              Type           Power        Failure   Level  Hunger
a - Infusion              Chrm           #...         9%          1    ##.....
b - Shroud of Golubria    Chrm/Tloc      #.........   21%         2    ###....
c - Confusing Touch       Hex            #.....       21%         1    ##.....
q - Regeneration          Chrm/Necr      #.........   38%         3    ####...
A - Apportation           Tloc           #.....       21%         1    ##.....


Dungeon Overview and Level Annotations

Branches:
Dungeon (13/15)            Temple (1/1) D:4            Lair (0/6) D:9
    Orc (1/2) D:12
 Vaults: D:13-14

Altars:
Ashenzari
Cheibriados
Gozag
Hepliaklqana
Kikubaaqudgha
Trog
Wu Jian
Zin
Beogh

Shops:
D:10 =

Annotations:
D:3 tilp's ghost, novice HOFE
D:8 Psyche
D:10 nihilbene's ghost, novice DsFi


Innate Abilities, Weirdness & Mutations

You are too large for most types of armour.
You have claws for hands.
Your metabolism is lightning-fast.
You like to eat raw meat.
Your natural rate of healing is unusually fast.
You are covered in fur. (AC +1)
You have very tough skin. (AC +2)
Your magical capacity is low. (-10% MP)
You are somewhat resistant to further mutation.
Your muscles are strong. (Str +2)


Message History

The ettin hits you with a dire flail!! x2
* * * LOW HITPOINT WARNING * * *
You can feel time thicken for a moment.
You feel somewhat less full.
You can no longer step out of the time flow.
Cheibriados lowers the support of your attributes as your movement quickens.
Unknown command.
You warp the flow of time around you!
Cheibriados lowers the support of your attributes as your movement quickens.
Unknown command.
You claw the ettin!
The ettin is almost dead.
The ettin barely misses you. The ettin misses you.
Unknown command.
You barely miss the ettin.
The ettin is almost dead.
Evoke which item? (* to show all) (? for menu, Esc to quit)
Aiming: Lightning Bolt (will waste charges)
Press: ? - help, Shift-Dir - straight line Nothing appears to happen.
The ettin hits you with a dire flail!!
You die...

#...
#...#
...#
....#
###....#
#.....#
###...#
##C....#
#@...###
##.#...#
###......
#.......
##.#...#
######


You could see an ettin.

Vanquished Creatures
  5 two-headed ogres
  An unseen horror (D:11)
  A centaur zombie (D:11)
  3 trolls
  2 hippogriffs (D:10)
  Sigmund (D:5)
  2 shadows (D:12)
  5 yaks
  Menkaure (D:5)
  An acid dragon (D:11)
  Duvessa (D:5)
  2 orc warriors
  A water moccasin (D:10)
  An ice beast (D:7)
  4 black bears
  A necrophage (D:11)
  2 sky beasts (D:10)
  3 centaurs
  An eye of draining (D:10)
  3 ogres
  A crocodile (D:9)
  2 big kobolds
  A gnoll sergeant (D:10)
  2 bullfrogs
  2 wyvern zombies
  Dowan (D:5)
  A wyvern skeleton (D:9)
  4 scorpions
  9 wights
  3 electric eels (D:10)
  5 crimson imps
  A quasit (D:12)
  2 bullfrog zombies
  7 orc priests
  2 centaur skeletons
  2 bullfrog skeletons
  8 hounds
  4 jellies
  10 orc wizards
  Ijyb (D:3)
  5 iguanas
  9 worker ants
  A killer bee zombie (D:5)
  A hound zombie (D:11)
  3 gnolls (D:10)
  6 adders
  2 shadow imps
  An ooze (D:5)
  An adder zombie (D:8)
  3 worms
  A leopard gecko (D:11)
  46 orcs
  4 giant cockroaches
  7 goblins
  5 hobgoblins
  12 jackals
  10 kobolds
  A quokka (D:10)
  3 ball pythons
  5 bats
  5 frilled lizards
  A jackal skeleton (D:6)
  A leopard gecko zombie (D:5)
  A quokka skeleton (D:6)
  A quokka zombie (D:8)
  4 rats
  A rat zombie (D:5)
249 creatures vanquished.

Vanquished Creatures (others)
  An orc warrior (D:10)
  A leopard gecko (D:8)
2 creatures vanquished.

Grand Total: 251 creatures vanquished

Notes
Turn   | Place    | Note
-------+----------+-------------------------------------------
     0 | D:1      | Leszczynek the Troll Skald began the quest for the Orb.
     0 | D:1      | Reached XP level 1. HP: 19/19 MP: 1/1
   132 | D:1      | Reached XP level 2. HP: 26/27 MP: 2/2
   228 | D:1      | Reached skill level 3 in Unarmed Combat
   664 | D:3      | Reached XP level 3. HP: 31/33 MP: 3/3
   679 | D:3      | Noticed Ijyb
   690 | D:3      | Learned a level 2 spell: Shroud of Golubria
   706 | D:3      | HP: 5/33 [Ijyb/wand of flame (?/48) (6)]
   707 | D:3      | Killed Ijyb
   707 | D:3      | Reached skill level 4 in Unarmed Combat
   808 | D:3      | Reached XP level 4. HP: 40/41 MP: 1/4
   850 | D:3      | Noticed tilp's ghost (novice HOFE)
   881 | D:5      | Entered Level 5 of the Dungeon
   886 | D:5      | Noticed Dowan
   890 | D:5      | Noticed Duvessa
   925 | D:4      | HP: 4/41 [iguana (7)]
   953 | D:4      | HP: 6/41 [iguana (13)]
   992 | D:4      | Reached skill level 5 in Unarmed Combat
   998 | D:4      | You fall through a shaft for 2 floors!
  1049 | D:6      | Reached XP level 5. HP: 41/48 MP: 2/5
  1100 | D:6      | Noticed a black bear
  1111 | D:6      | Killed a black bear
  1111 | D:6      | Reached skill level 6 in Unarmed Combat
  1111 | D:6      | Reached XP level 6. HP: 49/55 MP: 3/6
  1239 | D:6      | Reached skill level 7 in Unarmed Combat
  1339 | D:5      | Noticed Menkaure
  1438 | D:5      | Reached XP level 7. HP: 62/62 MP: 4/7
  1463 | D:5      | Found an opulent altar of Gozag.
  1648 | D:7      | Reached skill level 8 in Unarmed Combat
  1946 | D:8      | Noticed a two-headed ogre
  1967 | D:8      | Noticed Psyche
  2021 | D:7      | HP: 11/62 [ice beast (2)]
  2085 | D:7      | Reached skill level 2 in Fighting
  2085 | D:7      | Reached skill level 2 in Dodging
  2257 | D:8      | Noticed a two-headed ogre
  2396 | D:5      | Reached skill level 3 in Dodging
  2402 | D:5      | Noticed Sigmund
  2438 | D:5      | Killed Sigmund
  2438 | D:5      | Reached skill level 3 in Fighting
  2438 | D:5      | Reached XP level 8. HP: 37/75 MP: 8/8
  2521 | D:5      | Killed Duvessa
  2527 | D:5      | Killed Dowan
  2550 | D:5      | Killed Menkaure
  2550 | D:5      | Reached skill level 4 in Fighting
  2550 | D:5      | Reached skill level 4 in Dodging
  3024 | D:5      | Learned a level 3 spell: Regeneration
  3191 | D:4      | Found a staircase to the Ecumenical Temple.
  3200 | Temple   | Entered the Ecumenical Temple
  3209 | Temple   | Became a worshipper of Cheibriados the Contemplative
  3481 | D:9      | Found a staircase to the Lair.
  3510 | D:9      | Noticed a two-headed ogre
  3517 | D:9      | Killed a two-headed ogre
  3517 | D:9      | Reached skill level 5 in Fighting
  3517 | D:9      | Reached skill level 5 in Dodging
  3517 | D:9      | Reached skill level 9 in Unarmed Combat
  3517 | D:9      | Reached XP level 9. HP: 63/88 MP: 9/9
  3542 | D:9      | Found a shattered altar of Ashenzari.
  3667 | D:9      | Learned a level 1 spell: Confusing Touch
  3669 | D:9      | Learned a level 1 spell: Apportation
  3738 | D:10     | Entered Level 10 of the Dungeon
  3738 | D:10     | Noticed nihilbene's ghost (novice DsFi)
  4009 | D:8      | Killed a two-headed ogre
  4009 | D:8      | Reached skill level 10 in Unarmed Combat
  4047 | D:8      | Found an ornate altar of the Wu Jian Council.
  4068 | D:8      | Reached * piety under Cheibriados
  4367 | D:10     | Reached skill level 1 in Invocations
  4381 | D:11     | Gained mutation: You are somewhat resistant to further mutation. [mutagenic meat]
  4382 | D:11     | Gained mutation: Your magical capacity is low. (-10% MP) [mutagenic meat]
  4383 | D:11     | Gained mutation: Your muscles are strong. (Str +2) [mutagenic meat]
  4451 | D:10     | Reached XP level 10. HP: 41/98 MP: 9/9
  4456 | D:10     | Reached skill level 6 in Fighting
  4456 | D:10     | Reached skill level 2 in Invocations
  4468 | D:10     | HP: 18/98 [sky beast (5)]
  4482 | D:10     | Reached ** piety under Cheibriados
  4519 | D:10     | Noticed a two-headed ogre
  4531 | D:10     | HP: 6/98 [two-headed ogre/giant club (15)]
  4532 | D:10     | Killed a two-headed ogre
  4532 | D:10     | Reached skill level 3 in Invocations
  4644 | D:10     | Reached skill level 11 in Unarmed Combat
  4697 | D:10     | Reached skill level 4 in Invocations
  4797 | D:10     | Reached skill level 6 in Dodging
  4800 | D:10     | HP: 20/100 [poisoned by a gnoll sergeant]
  4805 | D:10     | HP: 17/100 [poisoned by a gnoll sergeant]
  4810 | D:10     | HP: 15/100 [poisoned by a gnoll sergeant]
  4815 | D:10     | HP: 15/100 [poisoned by a gnoll sergeant]
  4820 | D:10     | HP: 16/100 [poisoned by a gnoll sergeant]
  4826 | D:10     | HP: 19/100 [poisoned by a gnoll sergeant]
  4954 | D:10     | Found Beomaov's Jewellery Shoppe.
  5120 | D:10     | Noticed a two-headed ogre
  5125 | D:10     | Killed a two-headed ogre
  5197 | D:10     | Reached skill level 7 in Fighting
  5268 | D:11     | Reached *** piety under Cheibriados
  5317 | D:12     | Reached skill level 7 in Dodging
  5457 | D:12     | Found a staircase to the Orcish Mines.
  5492 | D:12     | Found a roughly hewn altar of Beogh.
  5512 | D:12     | Reached XP level 11. HP: 63/109 MP: 11/11
  5606 | D:13     | Noticed a two-headed ogre
  5616 | D:13     | Killed a two-headed ogre
  5636 | D:12     | Reached **** piety under Cheibriados
  5636 | D:12     | Reached skill level 5 in Invocations
  5715 | D:13     | Noticed a centaur warrior
  5748 | D:13     | Noticed a deep elf mage
  5913 | D:11     | Reached ***** piety under Cheibriados
  6005 | D:11     | Killed an unseen horror
  6005 | D:11     | Reached skill level 6 in Invocations
  6195 | Orc:1    | Entered Level 1 of the Orcish Mines
  6198 | Orc:1    | Noticed an ettin
  6204 | Orc:1    | i'm so dead
  6206 | Orc:1    | HP: 18/111 [ettin/dire flail (21)]
  6210 | Orc:1    | Slain by an ettin

Vault maps used:
D:1:      dpeg_arrival_arbitrary_b, minmay_misc_feat_columns,
          minmay_misc_feat_nine_boxes
D:2:      minmay_diamond_boxcup, uniq_crazy_yiuf_cottage
D:3:      kennysheep_the_goblin_king, chequers_ecumenical_altar_island
D:4:      minmay_temple_entry_nine_rooms, serial_glass, glass_columns_a,
          glass_columns_a
D:5:      kennysheep_mini_moat, enter_ossuary_4, first_bread, uniq_duvessa,
          uniq_edmund, uniq_sigmund, uniq_menkaure
D:7:      kennysheep_windowed_goal
D:8:      lemuel_doored_altar, uniq_psyche
D:9:      nicolae_overflow_hidden_temple, yredelemnul_forgotten_temple_becter,
          lair_entry_dummy, serial_shops, shop
D:10:     serial_shops, kennysheep_mini
D:11:     serial_undead, serial_undead_e, serial_undead_a, serial_undead_a,
          serial_undead_d, grunt_tengu_nest
D:12:     minmay_orc_entry_temple_small, hex_medium,
          kennysheep_opposing_triangles
D:13:     lightli_vaults_fourway_checkpoint, minmay_librarian
Temple:   regret_index_temple_mists

Skill      XL: |  1  2  3  4  5  6  7  8  9 10 11 |
---------------+----------------------------------+-----
Unarmed Combat | 3 4 5 6 7 8 9 10 11 | 11.7
Fighting       | 3 5 7 |  7.9
Dodging        | 3 5 7 |  7.2
Invocations    | 1 4 6 |  6.3
Spellcasting   | |  1.2
Charms         | |  2.0

Action                   |  1- 3 |  4- 6 |  7- 9 | 10-12 || total
-------------------------+-------+-------+-------+-------++-------
Melee: Unarmed           |    99 |    83 |   286 |   269 ||   737
       Punch             |       |     3 |    13 |    19 ||    35
Throw: Javelin           |       |     3 |     4 |     9 ||    16
 Cast: Shroud of Golubri |     2 |     4 |       |       ||     6
Invok: Bend Time         |       |       |       |     5 ||     5
       Slouch            |       |       |       |     1 ||     1
       Temporal Distorti |       |       |       |     1 ||     1
Evoke: Wand              |       |       |       |     6 ||     6
  Use: Scroll            |       |     3 |     9 |     7 ||    19
       Potion            |       |       |     3 |     2 ||     5
 Stab: Sleeping          |       |       |       |     2 ||     2
  Eat: Chunk             |    13 |     2 |    30 |    17 ||    62
Armor: Robe              |    38 |    30 |    94 |    43 ||   205
       Troll leather arm |       |       |       |    29 ||    29
Dodge: Dodged            |    48 |    37 |   177 |   189 ||   451
